[Event "Early-Titled-Tuesday-Blitz-January-16-2024"]
[Site "Chess.com"]
[Date "2024.01.16"]
[Round "4"]
[White "otrov-11"]
[Black "margarita_2703"]
[Result "1-0"]
[WhiteElo "2448"]
[BlackElo "2288"]
[TimeControl "180+1"]
[EndTime "8:40:04 PST"]
[Termination "otrov-11 won by resignation"]

1. d4 d5 2. c4 e6 3. g3 Nf6 4. Nf3 Be7 5. Bg2 O-O 6. O-O dxc4 7.
Qc2 a6 8. a4 Bd7 9. Qxc4 Bc6 10.
Bg5 Nbd7 11. Nc3 Bd5 12. Qd3 h6 13. Bxf6 Nxf6 14. Rfd1 b6 15. Ne5 Bxg2 16. Kxg2 c5 17. dxc5 Bxc5 18. Qf3 Qc7 19. Nd3 Rad8 20. Rac1 Qb8 21.
e3 Rc8 22. Ne4 Nxe4 23. Qxe4 Be7 24. Ne5 Rxc1 25. Rxc1 Rc8 26. Nc6 Qa8 27. Nxe7+ Kf8 28. Rxc8+ 1-0

[Event "Early-Titled-Tuesday-Blitz-January-16-2024"]
[Site "Chess.com"]
[Date "2024.01.16"]
[Round "4"]
[White "BogdanDeac"]
[Black "albi1999"]
[Result "1-0"]
[WhiteElo "3023"]
[BlackElo "2616"]
[TimeControl "180+1"]
[EndTime "8:40:05 PST"]
[Termination "BogdanDeac won by resignation"]

1. d4 d5 2. Bf4 c5 3. e3 Nc6 4. c3 cxd4 5. exd4 Bf5 6. Nd2 e6 7.
Ngf3 Bd6 8. Bg3 Nf6 9. Qb3 Rb8 10.
Be2 O-O 11. a4 Ne4 12. Nxe4 Bxe4 13. O-O a6 14. Nd2 Bg6 15. Rfe1 Bxg3 16. hxg3 Qd6 17. Qb6 Rfd8 18. Nb3 Ne7 19. Qxd6 Rxd6 20. Ra2 Nc6 21.
a5 Re8 22. Nc5 Re7 23. b4 e5 24. dxe5 Nxe5 25. Rd1 d4 26. Rxd4 Rxd4 27. cxd4 Nc6 28. Bf3 Nxb4 29. Rb2 Nc6 30. Bxc6 1-0

[Event "Early-Titled-Tuesday-Blitz-January-16-2024"]
[Site "Chess.com"]
[Date "2024.01.16"]
[Round "4"]
[White "Dinosaurio_1975"]
[Black "KVAIDAN"]
[Result "0-1"]
[WhiteElo "2633"]
[BlackElo "2416"]
[TimeControl "180+1"]
[EndTime "8:40:06 PST"]
[Termination "KVAIDAN won by resignation"]

1. e4 e5 2. Nf3 d5 3. exd5 e4 4. Ne5 Qxd5 5. d4 exd3 6. Nxd3 Nc6 7. Nc3 Bb4 8. Bd2 Bxc3 9. Bxc3 Nf6 10. Bxf6 gxf6 11.
Qe2+ Be6 12. Nf4 Qa5+ 13. c3 O-O-O 14. Qb5 Rhe8 15. Qxa5 Nxa5 16. Nxe6 Rxe6+ 17. Be2 Rde8 18. O-O Rxe2 19. b4 Nc4 20. a4 a5 21. Rfd1 Rd2 22.
Rdc1 Ree2 23. Rf1 Ne3 24. Rfe1 Nc2 25. Rxe2 Rxe2 26. Rd1 Re1+ 27. Rxe1 Nxe1 28. Kf1 Nd3 29.
Ke2 Nb2 30. bxa5 Nxa4 31. Kd3 Kd7 32. Kc4 Kc6 33. Kb4 Nc5 34. Kc4 Ne6 35. g3 h5 36. h4 f5 37. f3 f6 38. Kb4 f4 39. gxf4 Nxf4 0-1

[Event "Early-Titled-Tuesday-Blitz-January-16-2024"]
[Site "Chess.com"]
[Date "2024.01.16"]
[Round "4"]
[White "NewYearGirl"]
[Black "Kildepiotr"]
[Result "0-1"]
[WhiteElo "2408"]
[BlackElo "2664"]
[TimeControl "180+1"]
[EndTime "8:40:06 PST"]
[Termination "Kildepiotr won by resignation"]

1. e4 g6 2. d4 Bg7 3. Nc3 c6 4. f4 d5 5. e5 Nh6 6. h3 Nf5 7. g4 Ng3 8. Rh2 h5 9. g5 Bf5 10. Bd3 Qb6 11. Bxf5 Nxf5 12. Nge2 h4 13. Qd3 e6 14. b3 Bf8 15. a4 Bb4 16. Bd2 a6 17.
Kd1 c5 18. a5 Qc7 19. Ra4 Nc6 20. dxc5 Bxc5 21. Na2 O-O 22. b4 Ba7 23. c3 Rac8 24. Be1 d4 25. c4 Ne3+ 26. Kd2 Nf1+ 27. Kc2 Nxh2 28. Bxh4 Ne7 29. c5 Nf5 30. Bf2 Nf1 31. Ng3 N1xg3 32. Bxg3 Bxc5 33. bxc5 Qxc5+ 34. Rc4 Qxc4+ 0-1

[Event "Early-Titled-Tuesday-Blitz-January-16-2024"]
[Site "Chess.com"]
[Date "2024.01.16"]
[Round "4"]
[White "GMWSO"]
[Black "Yaacovn"]
[Result "1-0"]
[WhiteElo "3091"]
[BlackElo "2886"]
[TimeControl "180+1"]
[EndTime "8:40:07 PST"]
[Termination "GMWSO won by resignation"]

1. d4 Nf6 2. c4 e5 3. dxe5 Ne4 4. Nd2 Bb4 5. a3 Bxd2+ 6. Bxd2 Nc6 7. Nf3 Nxd2 8.
Qxd2 O-O 9. Rd1 Qe7 10. Qc3 Re8 11. Rd5 b6 12. g3 Bb7 13. Bg2 d6 14. O-O Nxe5 15.
Nxe5 dxe5 16. Rd2 Bxg2 17. Kxg2 Rad8 18. Rfd1 f6 19. b4 Rd6 20. Rxd6 cxd6 21. Qd3 Rd8 22. Qd5+ Qf7 23. Qc6 Qd7 24. Qd5+ Qf7 25. Qe4 f5 26. Qxe5 Re8 27. Qxd6 Qxc4 28. e3 h6 29. Qd5+ Qxd5+ 30.
Rxd5 Rf8 31. h4 1-0

[Event "Early-Titled-Tuesday-Blitz-January-16-2024"]
[Site "Chess.com"]
[Date "2024.01.16"]
[Round "4"]
[White "Matrix3x3a"]
[Black "C_K_G"]
[Result "1-0"]
[WhiteElo "2439"]
[BlackElo "2042"]
[TimeControl "180+1"]
[EndTime "8:40:07 PST"]
[Termination "Matrix3x3a won on time"]

1. d4 d5 2. c4 e6 3. Nc3 Nf6 4. Bg5 c6 5. e3 Nbd7 6. Nf3 Bd6 7.
Qc2 O-O 8. Rc1 h6 9. Bh4 Re8 10. Bd3 dxc4 11. Bxc4 e5 12. dxe5 Nxe5 13. Nxe5 Bxe5 14.
Bg3 Qe7 15. Qb3 Bxc3+ 16. Qxc3 Ne4 17. Qc2 Qb4+ 18. Ke2 Bf5 19. Bd3 Rad8 20. Rhd1 Nxg3+ 21. hxg3 Qg4+ 22. Kf1 Rxd3 23. Rxd3 Qh5 24. Kg1 Kh7 25. Qd1 Bg4 26. Qd2 Bf5 27. Rd4 Qg6 28. Rd6 f6 29. b4 h5 30. Rd4 Re6 31. a4 Re5 32. Rc5 1-0

[Event "Early-Titled-Tuesday-Blitz-January-16-2024"]
[Site "Chess.com"]
[Date "2024.01.16"]
[Round "4"]
[White "KarolKacprzak"]
[Black "sergoy"]
[Result "0-1"]
[WhiteElo "2742"]
[BlackElo "3014"]
[TimeControl "180+1"]
[EndTime "8:40:10 PST"]
[Termination "sergoy won by resignation"]

1. d4 Nf6 2. c4 e6 3. Nf3 d5 4. Nc3 c6 5. Bg5 h6 6. Bxf6 Qxf6 7. e3 Nd7 8. Bd3 g6 9. O-O Bg7 10. Qe2 O-O 11. Rfe1 Qe7 12. e4 dxc4 13. Bxc4 b5 14. Bb3 Rb8 15. e5 c5 16. d5 c4 17. d6 Qd8 18. Bc2 b4 19. Na4 Qa5 20. h4 h5 21.
b3 c3 22. Rad1 Bb7 23. Be4 Bxe4 24. Qxe4 Rb5 25. Qc6 Nxe5 26. Nxe5 Bxe5 27. d7 Bf6 28. g3 Rd8 29. Re4 Rd5 30. Rxd5 Qxd5 31. Qxd5 exd5 32. Re8+ Kg7 33. Nc5 c2 34. Nd3 Rxd7 35. Rc8 Bc3 36. Rc5 Re7 37. Kf1 Re1+ 0-1

[Event "Early-Titled-Tuesday-Blitz-January-16-2024"]
[Site "Chess.com"]
[Date "2024.01.16"]
[Round "4"]
[White "koncheto"]
[Black "cycygogne"]
[Result "1-0"]
[WhiteElo "2593"]
[BlackElo "2292"]
[TimeControl "180+1"]
[EndTime "8:40:10 PST"]
[Termination "koncheto won by resignation"]

1. e4 d5 2. exd5 Qxd5 3. Nf3 Nf6 4. d4 Bg4 5. Be2 Nc6 6. c4 Qd7 7. Be3 e6 8. O-O O-O-O 9. Nbd2 Kb8 10. a3 g5 11.
Bxg5 Be7 12. Ne5 Nxe5 13. dxe5 Bxe2 14. Qxe2 Ne8 15. Rad1 Bxg5 16. Ne4 Qe7 17. Rxd8+ Qxd8 18. Rd1 Qe7 19. Nxg5 Qxg5 20. Qe3 Qe7 21. Qc5 Nd6 22. exd6 cxd6 23. Rxd6 Rc8 24. Qe5 Ka8 25. b3 Qh4 26. g3 Qg4 27. Rd4 Qf3 28. Qe3 Qc6 29.
h4 f6 30. Qd3 e5 31. Rd8 f5 32.
Qd7 Kb8 33. Rxc8+ Qxc8 34. Qxc8+ Kxc8 35. f3 Kd7 36. g4 Kc6 37. gxf5 1-0

[Event "Early-Titled-Tuesday-Blitz-January-16-2024"]
[Site "Chess.com"]
[Date "2024.01.16"]
[Round "4"]
[White "biostatistician"]
[Black "GalaxyRoman"]
[Result "0-1"]
[WhiteElo "2610"]
[BlackElo "2875"]
[TimeControl "180+1"]
[EndTime "8:40:11 PST"]
[Termination "GalaxyRoman won by checkmate"]

1. d4 Nf6 2. Nf3 b6 3. c4 e6 4. Nc3 Bb4 5. Qc2 Bb7 6. a3 Bxc3+ 7. Qxc3 O-O 8. g3 Ne4 9. Qc2 f5 10. Bg2 Qe7 11. O-O c5 12. Rd1 Nc6 13. d5 exd5 14. cxd5 Ne5 15. Bf4 Ng6 16. e3 Rae8 17. b4 d6 18.
bxc5 dxc5 19. d6 Qd7 20. Ng5 Nxg5 21. Bxg5 Bxg2 22. Kxg2 Re6 23. Qc4 Kh8 24. Qd5 h6 25. Bf4 Rff6 26. Qa8+ Kh7 27. Rac1 Nxf4+ 28. exf4 Rxd6 29.
Rxd6 Rxd6 30. f3 Rd2+ 31. Kh3 Qf7 32. g4 Qa2 33. Rh1 fxg4+ 34. fxg4 Rd3+ 35. Kh4 Qf2+ 36. Kh5 g6# 0-1

[Event "Early-Titled-Tuesday-Blitz-January-16-2024"]
[Site "Chess.com"]
[Date "2024.01.16"]
[Round "4"]
[White "deepfear"]
[Black "Eesha-Karavade"]
[Result "0-1"]
[WhiteElo "1930"]
[BlackElo "2431"]
[TimeControl "180+1"]
[EndTime "8:40:12 PST"]
[Termination "Eesha-Karavade won by resignation"]

1. e4 e5 2. Nf3 Nc6 3. d4 exd4 4. Nxd4 Qf6 5. Be3 Bc5 6. c3 Nge7 7. Bc4 b6 8. O-O Bb7 9. Na3 O-O-O 10. b4 Bxd4 11. Bxd4 Nxd4 12. Qxd4 Qxd4 13. cxd4 d5 14. exd5 Nxd5 15.
Nc2 Nf4 16. f3 Bd5 17. Ba6+ Kb8 18. Kf2 Rhe8 19. Ne3 Bb7 20. Bxb7 Kxb7 21. Rfd1 g6 22. Rac1 Nd5 23. Nxd5 Rxd5 24. a3 a5 25. bxa5 Rxa5 26. Rc3 Rd8 27. Rdd3 Rad5 28. Ke3 R8d7 29. Rc4 c5 30. g4 Ka6 31. a4 Ka5 32. h3 Rxd4 33.
Rdxd4 Rxd4 34. Rxd4 cxd4+ 35. Kxd4 Kxa4 36. Ke5 b5 37. Kf6 b4 38. Kxf7 b3 39. Kg7 b2 40.
Kxh7 b1=Q 0-1

[Event "Early-Titled-Tuesday-Blitz-January-16-2024"]
[Site "Chess.com"]
[Date "2024.01.16"]
[Round "4"]
[White "Maus7"]
[Black "Franmu14"]
[Result "0-1"]
[WhiteElo "2509"]
[BlackElo "2688"]
[TimeControl "180+1"]
[EndTime "8:40:13 PST"]
[Termination "Franmu14 won by checkmate"]

1. e4 e5 2. Nf3 Nc6 3. Bb5 a6 4. Ba4 Nge7 5. Nc3 Ng6 6. h4 d6 7. h5 Nf4 8. d4 b5 9. Bxf4 bxa4 10.
dxe5 Bg4 11. exd6 Bxd6 12. Bxd6 cxd6 13. h6 O-O 14. hxg7 Re8 15. Qd5 Ne5 16. O-O-O Qf6 17. Qxd6 Re6 18. Qd5 Rc8 19. Nxe5 Rxe5 20. Qd6 Re6 21.
Qh2 h6 22. f3 a3 23. fxg4 axb2+ 24. Kb1 Qxc3 25. g5 Qxc2# 0-1

[Event "Early-Titled-Tuesday-Blitz-January-16-2024"]
[Site "Chess.com"]
[Date "2024.01.16"]
[Round "4"]
[White "Gennady_Kozlov"]
[Black "vi_pranav"]
[Result "0-1"]
[WhiteElo "2623"]
[BlackElo "3038"]
[TimeControl "180+1"]
[EndTime "8:40:14 PST"]
[Termination "vi_pranav won by resignation"]

1. d4 Nf6 2. c4 e6 3. Nf3 b6 4. g3 Ba6 5. Nbd2 Bb7 6. Bg2 Bb4 7. O-O O-O 8. a3 Bxd2 9. Bxd2 d6 10. Qc2 Nbd7 11. Bc3 Be4 12. Qd2 Qc8 13. Ne1 Bxg2 14. Nxg2 a5 15. f3 Qa6 16. Qd3 d5 17. b3 a4 18. e4 axb3 19. Ne3 Rfd8 20. Rfd1 dxe4 21.
Qb1 exf3 22. Qxb3 Ne4 23. Bb2 Ndf6 24. d5 exd5 25. Bxf6 Nxf6 26. Nf5 Qxc4 27. Qxf3 Qe4 28. Qf2 Ng4 29. Qf4 Qxf4 30. gxf4 Nf6 31. Rdc1 c5 32.
Rab1 g6 33. Ne7+ Kf8 34. Nc6 Rd6 35. Rxb6 Rxa3 36. Rb8+ Kg7 37. Ne5 Ne4 38. Rb7 Rf6 39. Nd7 Rxf4 40. Nxc5 Nxc5 41. Rxc5 Raf3 42. Kg2 Rd3 43.
Rcc7 h5 44. h3 h4 45. Rd7 Rd2+ 46. Kg1 Rd1+ 47. Kg2 d4 48. Rb8 Rdf1 49. Rb2 R1f3 50. Rd2 Rg3+ 51. Kh2 Rff3 52. R2xd4 Rxh3+ 53. Kg2 g5 54.
Rg4 Rhg3+ 0-1

[Event "Early-Titled-Tuesday-Blitz-January-16-2024"]
[Site "Chess.com"]
[Date "2024.01.16"]
[Round "4"]
[White "valik3504"]
[Black "Alex_Sahakyan2006"]
[Result "1-0"]
[WhiteElo "2561"]
[BlackElo "2703"]
[TimeControl "180+1"]
[EndTime "8:40:14 PST"]
[Termination "valik3504 won by checkmate"]

1. Nf3 g6 2. c4 Bg7 3. Nc3 c5 4. d4 cxd4 5. Nxd4 Nc6 6. Nc2 Bxc3+ 7. bxc3 Nf6 8. g3 d6 9. Bg2 Be6 10. Rb1 O-O 11. Ne3 Na5 12. Rb4 Rc8 13. Bxb7 Nxb7 14.
Rxb7 Rxc4 15. Nxc4 Bd5 16. Rxa7 Bxh1 17. f3 Qc8 18.
Ne3 Qh3 19. Rxe7 Qxh2 20. Qxd6 Nh5 21. Nf1 Qh3 22. Bh6 Rc8 23. Rd7 Ng7 24. Rd8+ Ne8 25. Qf8# 1-0

[Event "Early-Titled-Tuesday-Blitz-January-16-2024"]
[Site "Chess.com"]
[Date "2024.01.16"]
[Round "4"]
[White "Polish_fighter3000"]
[Black "inneremptiness"]
[Result "1-0"]
[WhiteElo "3077"]
[BlackElo "2874"]
[TimeControl "180+1"]
[EndTime "8:40:15 PST"]
[Termination "Polish_fighter3000 won by resignation"]

1. d4 d5 2. Bg5 Nf6 3. Bxf6 gxf6 4. c4 e6 5. cxd5 Qxd5 6. Nf3 Bb4+ 7. Nc3 c5 8. a3 Bxc3+ 9. bxc3 Nc6 10. e3 cxd4 11. cxd4 Qa5+ 12. Nd2 Rg8 13. Qb1 f5 14. Ra2 Bd7 15. g3 Qd5 16. f3 Rc8 17. Bc4 Qa5 18. Kf2 f4 19. gxf4 Qh5 20. h4 Ne7 21. Ne4 Kd8 22. Nf6 Qg6 23. Nxg8 Qxg8 24. Bd3 1-0

[Event "Early-Titled-Tuesday-Blitz-January-16-2024"]
[Site "Chess.com"]
[Date "2024.01.16"]
[Round "4"]
[White "bubeliang"]
[Black "PavelChernomordik"]
[Result "1-0"]
[WhiteElo "2765"]
[BlackElo "2419"]
[TimeControl "180+1"]
[EndTime "8:40:18 PST"]
[Termination "bubeliang won by resignation"]

1. e4 g6 2. h4 d5 3. exd5 Nf6 4. Bb5+ Bd7 5. Bxd7+ Qxd7 6. c3 Qxd5 7. Nf3 e5 8. d4 e4 9. Ne5 Nbd7 10.
Bf4 Nh5 11. Bh2 Bg7 12. Nxd7 Qxd7 13. Nd2 f5 14. Nc4 O-O-O 15. Qb3 f4 16. O-O-O Qg4 17. g3 Bh6 18. Kb1 Qe6 19. g4 Qxg4 20. Na5 b6 21. Nc6 Rd6 22. Nxa7+ Kb7 23. Nb5 Rd7 24. d5 Qf5 25.
Qc4 Rhd8 26. Qc6+ Ka6 27. Nxc7+ Rxc7 28. Qxc7 e3+ 29. Ka1 Rxd5 30. Qc4+ Rb5 31. Rd8 Kb7 32. Qa4 Ra5 33. Rd7+ Kb8 34. Qc6 Rxa2+ 35. Kxa2 Qa5+ 36. Kb3 1-0

[Event "Early-Titled-Tuesday-Blitz-January-16-2024"]
[Site "Chess.com"]
[Date "2024.01.16"]
[Round "4"]
[White "publicaccountcze"]
[Black "Yushko_Olga"]
[Result "1-0"]
[WhiteElo "2335"]
[BlackElo "2103"]
[TimeControl "180+1"]
[EndTime "8:40:18 PST"]
[Termination "publicaccountcze won by resignation"]

1. e4 e6 2. d4 d5 3. Nd2 dxe4 4. Nxe4 Nf6 5. Nxf6+ Qxf6 6. Nf3 Be7 7. Bg5 Qf5 8. Bxe7 Kxe7 9. Bd3 Qa5+ 10. c3 c5 11. O-O cxd4 12. cxd4 Nc6 13. Be4 f5 14. Bxc6 bxc6 15.
Ne5 Bd7 16. Qh5 Be8 17. Qf3 Qd5 18. Qa3+ Qd6 19. Qc3 Bd7 20. Rac1 Rhc8 21. Qh3 Kf6 22. Qxh7 Be8 23. Qh4+ g5 24. Qh6+ Ke7 25. Qxg5+ Kf8 26. Qf6+ 1-0

[Event "Early-Titled-Tuesday-Blitz-January-16-2024"]
[Site "Chess.com"]
[Date "2024.01.16"]
[Round "4"]
[White "Makswolf200817"]
[Black "Payyappat"]
[Result "1-0"]
[WhiteElo "2666"]
[BlackElo "2450"]
[TimeControl "180+1"]
[EndTime "8:40:19 PST"]
[Termination "Makswolf200817 won on time"]

1. e4 c6 2. d4 d5 3. exd5 cxd5 4. Bd3 Nc6 5. c3 Qc7 6. Na3 a6 7. Nc2 e5 8. dxe5 Nxe5 9. Nf3 Bd6 10. O-O Nf6 11.
Re1 O-O 12. Nxe5 Bxe5 13. h3 Be6 14. Bg5 Rfe8 15. Qf3 Ne4 16. Be3 f5 17. Bd4 Bd6 18.
Qh5 Bh2+ 19. Kh1 Be5 20. Bxe5 Qxe5 21. Kg1 Qf4 22. Qe2 Bd7 23. Qe3 Qh4 24. Qf3 Kh8 25.
Nd4 Qg5 26. Re2 Nc5 27. Qxd5 Nxd3 28. Qxd7 Red8 29. Qxf5 Qxf5 30. Nxf5 Nf4 31. Re7 g6 32. Nd4 b5 33. Rae1 Rf8 34. g3 Nd5 35. Rb7 1-0

[Event "Early-Titled-Tuesday-Blitz-January-16-2024"]
[Site "Chess.com"]
[Date "2024.01.16"]
[Round "4"]
[White "FREDERICKtheMATE"]
[Black "Lennis93"]
[Result "0-1"]
[WhiteElo "2566"]
[BlackElo "2780"]
[TimeControl "180+1"]
[EndTime "8:40:20 PST"]
[Termination "Lennis93 won by resignation"]

1. e4 e6 2. d4 d5 3. Nd2 Be7 4. Ngf3 Nf6 5. Bd3 c5 6. dxc5 O-O 7. O-O a5 8. b3 Nbd7 9. exd5 Nxd5 10. Ne4 f5 11. Nd6 Nxc5 12. Nxc8 Rxc8 13. Bb2 Bf6 14. Ne5 Nxd3 15. Qxd3 Nb4 16. Qb5 Rxc2 17. Rad1 Nd5 18. Ba1 Rxa2 19. Nd7 Rxa1 20. Nxf6+ Rxf6 21. Rxa1 b6 22. Rac1 h6 23. Qc6 Kh7 24. Rfe1 Rg6 25. Rxe6 Rxe6 26. Qxe6 Qg5 27. Re1 Nf4 28. g3 Nxe6 29.
Rxe6 b5 0-1

[Event "Early-Titled-Tuesday-Blitz-January-16-2024"]
[Site "Chess.com"]
[Date "2024.01.16"]
[Round "4"]
[White "WindWhistler11"]
[Black "DarZay"]
[Result "0-1"]
[WhiteElo "2460"]
[BlackElo "2261"]
[TimeControl "180+1"]
[EndTime "8:40:20 PST"]
[Termination "DarZay won by resignation"]

1. Nf3 Nf6 2. g3 d5 3. d3 c5 4. Nbd2 e6 5. c4 d4 6. Bg2 Nc6 7. O-O Bd6 8. a3 a5 9. Ng5 h6 10. Nge4 Be7 11. Nxf6+ Bxf6 12. Rb1 O-O 13. Qc2 e5 14. e4 dxe3 15. fxe3 Bg4 16. Ne4 Be7 17. Nc3 Be6 18. Bd2 f5 19. Nd5 Bd6 20. b4 axb4 21. axb4 Ne7 22. Nxe7+ Qxe7 23. bxc5 Bxc5 24. Rxb7 Qg5 25.
Qc1 f4 26. d4 fxe3 27. Bxe3 Rxf1+ 28. Kxf1 Qf6+ 29. Kg1 exd4 30. Bf2 d3 31. Bxc5 Ra1 32.
Rb1 d2 33. Qd1 Bg4 34. Bd5+ Kh8 35. Rb8+ Kh7 36. Be4+ g6 37. Rb7+ Kh8 38. Rb8+ Kh7 39. Bxg6+ Kxg6 40. Rg8+ Kh7 0-1

[Event "Early-Titled-Tuesday-Blitz-January-16-2024"]
[Site "Chess.com"]
[Date "2024.01.16"]
[Round "4"]
[White "Statham_01"]
[Black "ChessSwole"]
[Result "0-1"]
[WhiteElo "2542"]
[BlackElo "2711"]
[TimeControl "180+1"]
[EndTime "8:40:21 PST"]
[Termination "ChessSwole won by resignation"]

1. e4 c5 2. Nf3 d6 3. d4 cxd4 4.
Nxd4 Nf6 5. Nc3 Nc6 6. Be3 Ng4 7. Bb5 Nxe3 8. fxe3 Bd7 9. O-O e6 10. Bxc6 bxc6 11. Qf3 Qf6 12. Qxf6 gxf6 13. Rxf6 Bg7 14.
Rf3 Be5 15. Raf1 f6 16. R3f2 Rb8 17. Nf3 Rxb2 18. Nxe5 fxe5 19. a3 c5 20. h3 h5 21.
Kh2 h4 22. a4 a6 23. a5 Rg8 24. Kh1 Kd8 25. Rb1 Rxb1+ 26. Nxb1 Ke7 27. Nd2 Rg3 28. Nf3 Bc6 29. Kh2 Bxe4 30. Nxh4 Rxe3 31. c4 Rc3 32. Rb2 Rxc4 33. Rb6 Rb4 34. Rxa6 c4 35.
Ra7+ Rb7 36. Ra8 Rc7 37. Rg8 Kf7 38. Rg3 c3 39. Re3 c2 40. Rxe4 c1=Q 0-1

[Event "Early-Titled-Tuesday-Blitz-January-16-2024"]
[Site "Chess.com"]
[Date "2024.01.16"]
[Round "4"]
[White "DamianoLew95"]
[Black "Schachmalanders"]
[Result "1-0"]
[WhiteElo "2673"]
[BlackElo "2465"]
[TimeControl "180+1"]
[EndTime "8:40:22 PST"]
[Termination "DamianoLew95 won by resignation"]

1. e4 c6 2. Nf3 d5 3. d3 Nf6 4. e5 Nfd7 5. d4 e6 6. c3 c5 7. Bd3 Nc6 8. Ng5 cxd4 9. Nxe6 Qb6 10. Nxd4 Nxd4 11. cxd4 Bb4+ 12. Nc3 Qxd4 13. O-O Bxc3 14. bxc3 Qxc3 15. Be3 O-O 16. Bd4 Qa5 17. e6 fxe6 18. Qh5 Nf6 19. Bxf6 Rxf6 20. Bxh7+ Kf8 21. Bg6 Bd7 22. Qh8+ Ke7 23. Qxg7+ Kd6 24. Qxf6 Rg8 25. Qf4+ e5 26. Qf6+ Be6 27. Bf7 1-0

[Event "Early-Titled-Tuesday-Blitz-January-16-2024"]
[Site "Chess.com"]
[Date "2024.01.16"]
[Round "4"]
[White "IngOscarArdila"]
[Black "TitarovVasiliYouTube"]
[Result "1-0"]
[WhiteElo "2374"]
[BlackElo "2528"]
[TimeControl "180+1"]
[EndTime "8:40:22 PST"]
[Termination "IngOscarArdila won by resignation"]

1. d4 d5 2. c4 e6 3. Nc3 a6 4. cxd5 exd5 5. Nf3 Nf6 6. Bg5 Be6 7. e3 Nbd7 8. Bd3 Bd6 9. O-O c6 10. Qc2 Qc7 11.
h3 h6 12. Bxf6 Nxf6 13. a3 O-O 14. b4 Qe7 15. Ne5 a5 16. b5 c5 17. f4 Rac8 18. Qb2 cxd4 19. exd4 Bc5 20. Na4 Ba7 21. b6 Bb8 22. Nc5 Bd6 23. Nxe6 Qxe6 24. Rae1 Ne4 25. f5 Qe8 26. Bxe4 dxe4 27. f6 Bxe5 28. dxe5 g6 29.
Rxe4 Qe6 30. Qd2 Qxb6+ 31. Kh1 Kh7 32. Rh4 h5 33. Qg5 Qb2 34. Rxh5+ 1-0

[Event "Early-Titled-Tuesday-Blitz-January-16-2024"]
[Site "Chess.com"]
[Date "2024.01.16"]
[Round "4"]
[White "GMSrinath"]
[Black "AGW2016"]
[Result "1-0"]
[WhiteElo "2831"]
[BlackElo "2614"]
[TimeControl "180+1"]
[EndTime "8:40:23 PST"]
[Termination "GMSrinath won by resignation"]

1. d4 Nf6 2. Nf3 g6 3. c4 Bg7 4.
g3 O-O 5. Bg2 d6 6. Nc3 c5 7.
O-O Nc6 8. d5 Na5 9. Qd3 a6 10.
Rb1 b5 11. cxb5 axb5 12. b4 cxb4 13. Rxb4 Bf5 14. Qxb5 Rb8 15. Qa4 Rxb4 16. Qxb4 Qc7 17. Nd4 Bd7 18. Ncb5 Rb8 19. Bd2 Bxb5 20. Nxb5 Qc4 21.
a4 Qxb4 22. Bxb4 Nc4 23. Bc3 Nb6 24. a5 Nbxd5 25. Bxf6 Rxb5 26. Bxg7 Kxg7 27. a6 e6 28. Ra1 Rb8 29. a7 Ra8 30. Ra6 Kf8 31. Kf1 Ke7 32. e3 Kd7 33. Ke2 Kc7 34. Bxd5 exd5 35.
Kd3 Kb7 36. Rxd6 Kxa7 37. Rd7+ Kb6 38. Rxf7 1-0

[Event "Early-Titled-Tuesday-Blitz-January-16-2024"]
[Site "Chess.com"]
[Date "2024.01.16"]
[Round "4"]
[White "CaspiIsrael"]
[Black "Chessbard1972"]
[Result "1-0"]
[WhiteElo "2636"]
[BlackElo "2403"]
[TimeControl "180+1"]
[EndTime "8:40:24 PST"]
[Termination "CaspiIsrael won by checkmate"]

1. d4 Nf6 2. c4 g6 3. Nc3 Bg7 4.
e4 d6 5. f3 O-O 6. Be3 Nbd7 7.
Nge2 c5 8. Qd2 Re8 9. d5 Ne5 10. Ng3 e6 11. Be2 exd5 12. cxd5 a6 13. a4 h5 14. O-O h4 15. Nh1 h3 16. g3 Rb8 17.
a5 b5 18. axb6 Qxb6 19. Ra2 Qb4 20. Nf2 Nc4 21. Bxc4 Qxc4 22. Rfa1 Nh5 23. g4 Nf6 24. Nxh3 Bxg4 25. fxg4 Nxg4 26. Nf2 Nxe3 27. Qxe3 Bd4 28.
Qf3 f5 29. Kh1 Rf8 30. Rg1 Kh7 31. Qh3+ Kg7 32. exf5 Rf6 33. fxg6 Rxg6 34. Qd7+ Kh6 35. Ng4+ Kg5 36. Ne3+ Kf4 37. Qf5+ Kxe3 38. Qe4+ Kf2 39. Nd1# 1-0

[Event "Early-Titled-Tuesday-Blitz-January-16-2024"]
[Site "Chess.com"]
[Date "2024.01.16"]
[Round "4"]
[White "balakannamma96"]
[Black "tomesao"]
[Result "1-0"]
[WhiteElo "2451"]
[BlackElo "2495"]
[TimeControl "180+1"]
[EndTime "8:40:24 PST"]
[Termination "balakannamma96 won by resignation"]

1. e4 c6 2. d3 d5 3. Nd2 e5 4.
Ngf3 Bd6 5. g3 Nf6 6. Bg2 O-O 7.
O-O d4 8. a4 c5 9. Nc4 Nc6 10.
Nh4 Qc7 11. Nf5 Bxf5 12. exf5 Rfe8 13. g4 e4 14. Nxd6 Qxd6 15. g5 e3 16. fxe3 dxe3 17. Bxe3 Rxe3 18. gxf6 Qxf6 19. Qd2 Rae8 20. Be4 Qd4 21.
Qf2 Re2 22. Qxd4 Nxd4 23. c3 Nb3 24. Rae1 Rxb2 25. Bxb7 Ree2 26. Bd5 Na5 27. Rxe2 Rxe2 28. Rb1 h5 29. Rb5 Re5 30. Rxc5 Nb3 31. Rc8+ 1-0

[Event "Early-Titled-Tuesday-Blitz-January-16-2024"]
[Site "Chess.com"]
[Date "2024.01.16"]
[Round "4"]
[White "Tolyanius"]
[Black "DraningWaterHi"]
[Result "0-1"]
[WhiteElo "2445"]
[BlackElo "2160"]
[TimeControl "180+1"]
[EndTime "8:40:25 PST"]
[Termination "DraningWaterHi won by checkmate"]

1. e4 e5 2. Nf3 Nc6 3. Bc4 Nf6 4. d3 Bc5 5. c3 a6 6. Nbd2 O-O 7. Bb3 Ba7 8. h3 d5 9. Qe2 dxe4 10. dxe4 Na5 11.
Bc2 Re8 12. Nf1 Bd7 13. a4 b5 14. Bg5 h6 15. Bh4 Nc4 16. b3 Nd6 17. a5 Qe7 18. g4 g5 19. Bg3 Bc6 20. N1d2 h5 21. Nxg5 hxg4 22. hxg4 b4 23. f3 bxc3 24. Nc4 Nxc4 25. bxc4 Kg7 26. Nh3 Rad8 27. Rd1 Rxd1+ 28. Bxd1 Rd8 29.
Qc2 Be3 30. Bh4 Qd6 31. Be2 Qd2+ 32. Qxd2 cxd2+ 33. Kd1 Ba4# 0-1

[Event "Early-Titled-Tuesday-Blitz-January-16-2024"]
[Site "Chess.com"]
[Date "2024.01.16"]
[Round "4"]
[White "Jospem"]
[Black "platy3"]
[Result "1-0"]
[WhiteElo "3085"]
[BlackElo "2880"]
[TimeControl "180+1"]
[EndTime "8:40:27 PST"]
[Termination "Jospem won on time"]

1. e4 c5 2. Nf3 d6 3. c3 Nf6 4. h3 Bd7 5. Bd3 Bc6 6. Qe2 e5 7. Bc2 Be7 8. d4 Qc7 9. d5 Bd7 10. c4 b5 11. cxb5 Qa5+ 12. Nc3 a6 13. Bd3 axb5 14.
Bxb5 Bxb5 15. Qxb5+ Qxb5 16. Nxb5 Na6 17. Nd2 Kd7 18. Nc3 Nb4 19. Kd1 Rhb8 20. Rf1 Bd8 21. a3 Nd3 22. Kc2 Nf4 23. g3 Nxh3 24. Nc4 g5 25. f3 h5 26. Bd2 g4 27. fxg4 hxg4 28.
Rf5 1-0

[Event "Early-Titled-Tuesday-Blitz-January-16-2024"]
[Site "Chess.com"]
[Date "2024.01.16"]
[Round "4"]
[White "LeoLV10"]
[Black "sofaceindisguise"]
[Result "0-1"]
[WhiteElo "2450"]
[BlackElo "2668"]
[TimeControl "180+1"]
[EndTime "8:40:29 PST"]
[Termination "sofaceindisguise won by resignation"]

1. e4 e5 2. Nf3 Nc6 3. Bb5 a6 4. Ba4 Bc5 5. c3 Nge7 6. O-O Ba7 7. d4 Ng6 8. Bg5 f6 9. Be3 O-O 10. Nbd2 d6 11. h3 Kh8 12. Re1 Nce7 13. Bc2 Bd7 14. Nf1 Qe8 15. Ng3 Nf4 16. Bxf4 exf4 17. Nf5 g5 18.
Nh2 Nxf5 19. exf5 Qf7 20. Qf3 c6 21. d5 cxd5 22. Rad1 Rae8 23. Rxe8 Rxe8 24. Nf1 Re5 25. Bb3 Bc6 26. g4 Kg7 27. Rd2 h5 28. gxh5 Rxf5 29. Qg4 Re5 30. Bc2 Qe6 31. Qf3 d4 32. Qd3 Be4 33. Bb3 Bxd3 34. Bxe6 Bxf1 35. cxd4 Rxe6 36. Kxf1 Re4 0-1